 Dungeon Crawl Stone Soup version 0.23.1 (webtiles) character file.

Game seed: 5075716224747695616

7803 vishdafish the Blocker (level 11, -10/89 HPs)
             Began as a Gnoll Fighter on Mar 16, 2019.
             Was an Initiate of Gozag.
             Killed from afar by a steam dragon (13 damage)
             ... with a ball of steam
             ... on level 9 of the Dungeon.
             The game lasted 00:16:02 (11687 turns).

vishdafish the Blocker (Gnoll Fighter)             Turns: 11687, Time: 00:16:04

Health: -10/89     AC:  7    Str: 24    XL:     11   Next: 21%
Magic:  20/20      EV: 14    Int: 11    God:    Gozag
Gold:   494        SH: 12    Dex: 15    Spells: 22/22 levels left

rFire    . . .     SeeInvis .   q - +2 dagger (venom)
rCold    . . .     Gourm    .   d - +0 shield {reflect}
rNeg     . . .     Faith    .   E - +3 leather armour
rPois    .         Spirit   .   (no helmet)
rElec    .         Reflect  +   (no cloak)
rCorr    .         Harm     .   (no gloves)
MR       .....                  (no boots)
Stlth    +++.......             A - amulet of inaccuracy (curse)
HPRegen  0.24/turn              u - +3 ring of strength
MPRegen  0.17/turn              (no ring)

@: no status effects
A: distributed training, fangs 1, strong nose
a: Potion Petition, Call Merchant, Bribe Branch, Renounce Religion


You were on level 9 of the Dungeon.
You worshipped Gozag.
Gozag was aware of your devotion.
You were very hungry.

You visited 1 branch of the dungeon, and saw 9 of its levels.

You collected 1444 gold pieces.
You spent 270 gold pieces at shops.
You paid 680 gold pieces to Gozag.

Inventory:

Hand Weapons
 a - a +0 long sword
 q - a +2 dagger of venom (weapon)
 w - a +3 dagger of chaos
 x - a +1 dagger of speed
 C - a +1 short sword of draining
Missiles
 F - 3 throwing nets (quivered)
 H - 8 tomahawks
 J - 3 javelins
Armour
 b - a +0 scale mail
 c - a +0 shield
 d - a +0 shield of reflection (worn)
 E - a +3 leather armour (worn)
Magical Staves
 I - an uncursed staff of wizardry
Jewellery
 r - an uncursed amulet of guardian spirit
 u - a +3 ring of strength (left hand)
 A - a cursed amulet of inaccuracy (around neck)
Wands
 s - a wand of flame (30)
Scrolls
 e - 2 scrolls of amnesia
 h - a scroll of noise
 i - 2 scrolls of fog
 k - 2 scrolls of identify
 n - 6 scrolls of teleportation
 o - 2 scrolls of fear
 y - a scroll of immolation
 D - a scroll of brand weapon {unknown}
 K - a scroll of remove curse {unknown}
Potions
 g - 4 potions of agility
 j - 3 potions of degeneration {unknown}
 l - 4 potions of curing {unknown}
 m - a potion of ambrosia {unknown}
 p - 2 potions of berserk rage {unknown}
 v - 4 potions of flight {unknown}
 z - a potion of invisibility {unknown}
 B - a potion of haste {unknown}
 G - a potion of lignification {unknown}
Comestibles
 f - 18 rations


   Skills:
 + Level 9.0 Fighting
 + Level 6.0 Short Blades
 + Level 7.6 Long Blades
 + Level 6.0 Axes
 + Level 6.0 Maces & Flails
 + Level 6.0 Polearms
 + Level 6.0 Staves
 + Level 6.0 Slings
 + Level 6.0 Bows
 + Level 6.0 Crossbows
 + Level 6.0 Throwing
 + Level 9.0 Armour
 + Level 6.0 Dodging
 + Level 6.0 Stealth
 + Level 9.0 Shields
 + Level 6.0 Unarmed Combat
 + Level 6.0 Spellcasting
 + Level 4.9 Conjurations
 + Level 4.9 Hexes
 + Level 4.9 Charms
 + Level 4.9 Summonings
 + Level 4.9 Necromancy
 + Level 4.9 Translocations
 + Level 4.9 Transmutations
 + Level 4.9 Fire Magic
 + Level 4.9 Ice Magic
 + Level 4.9 Air Magic
 + Level 4.9 Earth Magic
 + Level 4.9 Poison Magic
 + Level 6.5 Invocations
 + Level 6.0 Evocations


You had 22 spell levels left.
You didn't know any spells.
Your spell library was empty.

Dungeon Overview and Level Annotations

Branches:
Dungeon (9/15)             Temple (0/1) D:4            Lair (0/6) D:8
    Orc: D:9-12

Altars:
Dithmenos
Fedhas
Gozag
Kikubaaqudgha
Okawaru
Ru
Trog
Vehumet
Wu Jian
Yredelemnul
The Shining One

Shops:
D:7 [


Innate Abilities, Weirdness & Mutations

Your experience applies equally to all skills.
You have very sharp teeth.
Your uncanny sense of smell can sniff out nearby items.


Message History

You block the hippogriff's attack. The hippogriff claws you.
* * * LOW HITPOINT WARNING * * *
You hit the steam dragon.
The steam dragon looks as sick as possible!
The steam dragon is severely wounded.
The steam dragon struggles against the net.
The hippogriff closely misses you.
The hippogriff pecks you but does no damage.
The hippogriff claws you.
* * * LOW HITPOINT WARNING * * *
Throwing (i - inventory. (/) - cycle)
F - 3 throwing nets (quivered)
Press: ? - help, Shift-Dir - straight line, p - steam dragon
Okay, then.
The hippogriff is engulfed in a cloud of scalding steam.
The hippogriff bites you but does no damage.
The hippogriff closely misses you. You block the hippogriff's attack.
The steam dragon breathes steam at you. The ball of steam hits you!
You die...
Your body crumbles into a pile of gold.

#.#...#............#...#.
#.#...#......#####.'...#.
#.'...#......# #.#...#.
#######.#...#......# #.#...#.
#.......#...#......# #.###.#.
###.....#####......# #...###.
#...[..<.........# #.......
#...........§§...# #.......
#...........@§D.(# #.......
#............H...#####.......
#...............[...........#
#..................(..D§....#
#...................5§......#
#......#########............#
. #............#
#............# #.....######.#


You could see a hippogriff and a steam dragon (caught).

Vanquished Creatures
  Harold (D:8)
  A two-headed ogre (D:8)
  Pikel (D:4)
  Psyche (D:8)
  Grinder (D:4)
  2 trolls (D:9)
  Sigmund (D:5)
  A spriggan (D:8)
  2 basilisks (D:8)
  5 yaks
  Menkaure (D:4)
  3 porcupines (D:8)
  Duvessa (D:6)
  3 ice beasts
  3 orc warriors
  A sky beast (D:8)
  2 ogres (D:5)
  5 black bears (D:8)
  A phantom (D:8)
  2 wolves (D:8)
  2 crocodiles
  A big kobold (D:8)
  4 bullfrogs
  Dowan (D:6)
  A wyvern skeleton (D:6)
  2 scorpions
  2 howler monkeys
  A crimson imp (D:5)
  A jelly (D:5)
  A quasit (D:8)
  4 hounds
  2 orc priests
  10 orc wizards
  3 bullfrog skeletons
  2 iguanas
  Natasha (D:4)
  7 worker ants
  3 hound skeletons
  3 worker ant zombies
  6 adders
  A shadow imp (D:5)
  3 oozes
  3 worms
  6 leopard geckos
  18 orcs
  5 giant cockroaches
  8 goblins
  6 hobgoblins
  16 jackals
  3 quokkas
  2 ball pythons (D:2)
  6 bats
  6 frilled lizards
  A giant cockroach zombie (D:5)
  10 kobolds
  A leopard gecko skeleton (D:4)
  A quokka skeleton (D:8)
  5 rats
196 creatures vanquished.

Vanquished Creatures (others)
  5 fungi (D:8)
  10 plants (D:8)
15 creatures vanquished.

Grand Total: 211 creatures vanquished

Notes
Turn   | Place    | Note
-------+----------+-------------------------------------------
     0 | D:1      | vishdafish the Gnoll Fighter began the quest for the Orb.
     0 | D:1      | Reached XP level 1. HP: 23/23 MP: 1/1
   328 | D:1      | Reached XP level 2. HP: 29/29 MP: 2/2
   743 | D:2      | Reached XP level 3. HP: 35/35 MP: 3/3
   983 | D:2      | Found a shadowy altar of Dithmenos.
  1222 | D:2      | Reached skill level 1 in Invocations
  1492 | D:3      | Reached skill level 1 in Short Blades
  1492 | D:3      | Reached skill level 1 in Axes
  1492 | D:3      | Reached skill level 1 in Maces & Flails
  1492 | D:3      | Reached skill level 1 in Polearms
  1492 | D:3      | Reached skill level 1 in Staves
  1492 | D:3      | Reached skill level 1 in Slings
  1492 | D:3      | Reached skill level 1 in Bows
  1492 | D:3      | Reached skill level 1 in Crossbows
  1492 | D:3      | Reached skill level 1 in Throwing
  1492 | D:3      | Reached skill level 1 in Dodging
  1492 | D:3      | Reached skill level 1 in Stealth
  1492 | D:3      | Reached skill level 1 in Unarmed Combat
  1492 | D:3      | Reached skill level 1 in Spellcasting
  1492 | D:3      | Reached skill level 1 in Evocations
  1492 | D:3      | Reached XP level 4. HP: 30/41 MP: 3/5
  1871 | D:3      | Reached skill level 1 in Conjurations
  1871 | D:3      | Reached skill level 1 in Hexes
  1871 | D:3      | Reached skill level 1 in Charms
  1871 | D:3      | Reached skill level 1 in Summonings
  1871 | D:3      | Reached skill level 1 in Necromancy
  1871 | D:3      | Reached skill level 1 in Translocations
  1871 | D:3      | Reached skill level 1 in Transmutations
  1871 | D:3      | Reached skill level 1 in Fire Magic
  1871 | D:3      | Reached skill level 1 in Ice Magic
  1871 | D:3      | Reached skill level 1 in Air Magic
  1871 | D:3      | Reached skill level 1 in Earth Magic
  1871 | D:3      | Reached skill level 1 in Poison Magic
  1897 | D:3      | Found a glowing golden altar of the Shining One.
  1899 | D:3      | Found an ornate altar of the Wu Jian Council.
  1900 | D:3      | Found an opulent altar of Gozag.
  1909 | D:3      | Became a worshipper of Gozag Ym Sagoz the Greedy
  2340 | D:4      | Reached XP level 5. HP: 47/47 MP: 6/6
  2351 | D:4      | Found a sacrificial altar of Ru.
  2473 | D:4      | Noticed Natasha
  2478 | D:4      | Killed Natasha
  2511 | D:4      | Found a staircase to the Ecumenical Temple.
  2541 | D:4      | Paralysed by an orc wizard for 2 turns
  2564 | D:4      | Paralysed by something for 4 turns
  2574 | D:4      | Reached XP level 6. HP: 11/53 MP: 2/8
  2729 | D:4      | Noticed Grinder
  2734 | D:4      | Paralysed by Grinder for 2 turns
  2743 | D:4      | Killed Grinder
  2743 | D:4      | Reached skill level 5 in Long Blades
  2743 | D:4      | Reached XP level 7. HP: 41/59 MP: 8/10
  2922 | D:4      | Found an ancient bone altar of Kikubaaqudgha.
  3096 | D:5      | Entered Level 5 of the Dungeon
  3455 | D:5      | Reached XP level 8. HP: 46/67 MP: 12/12
  3509 | D:5      | Noticed Pikel
  3519 | D:5      | Noticed Menkaure
  3683 | D:4      | Killed Pikel
  3875 | D:5      | Noticed Sigmund
  4028 | D:4      | Killed Menkaure
  4294 | D:5      | Killed Sigmund
  4294 | D:5      | Reached XP level 9. HP: 52/72 MP: 8/14
  4343 | D:5      | Found a radiant altar of Vehumet.
  5195 | D:6      | Noticed Duvessa
  5195 | D:6      | Noticed Dowan
  5356 | D:6      | Killed Duvessa
  5365 | D:6      | Killed Dowan
  5805 | D:7      | Found an iron altar of Okawaru.
  6877 | D:7      | Found a basalt altar of Yredelemnul.
  7148 | D:7      | Reached skill level 5 in Invocations
  7496 | D:8      | Found a blossoming altar of Fedhas.
  7566 | D:8      | Noticed a two-headed ogre
  7580 | D:8      | Killed a two-headed ogre
  7580 | D:8      | Reached XP level 10. HP: 53/80 MP: 15/17
  7657 | D:8      | Reached skill level 5 in Short Blades
  7657 | D:8      | Reached skill level 5 in Axes
  7657 | D:8      | Reached skill level 5 in Maces & Flails
  7657 | D:8      | Reached skill level 5 in Polearms
  7657 | D:8      | Reached skill level 5 in Staves
  7657 | D:8      | Reached skill level 5 in Slings
  7657 | D:8      | Reached skill level 5 in Bows
  7657 | D:8      | Reached skill level 5 in Crossbows
  7657 | D:8      | Reached skill level 5 in Throwing
  7657 | D:8      | Reached skill level 5 in Dodging
  7657 | D:8      | Reached skill level 5 in Stealth
  7657 | D:8      | Reached skill level 5 in Unarmed Combat
  7657 | D:8      | Reached skill level 5 in Spellcasting
  7657 | D:8      | Reached skill level 5 in Evocations
  7798 | D:8      | Found a bloodstained altar of Trog.
  7861 | D:8      | Found a staircase to the Lair.
  8640 | D:8      | Noticed Harold
  8641 | D:8      | Noticed Psyche
  9105 | D:7      | Bought a shiny shield for 270 gold pieces
  9403 | D:8      | Killed Psyche
  9929 | D:8      | HP: 4/82 [Harold/+4 battleaxe of chopping (5)]
  9938 | D:8      | Killed Harold
 10406 | D:8      | Reached XP level 11. HP: 61/87 MP: 19/19
 11686 | D:9      | HP: 3/89 [hippogriff (6)]
 11687 | D:9      | Killed from afar by a steam dragon

Skill      XL: |  1  2  3  4  5  6  7  8  9 10 11 |
---------------+----------------------------------+-----
Invocations    | 1 2 3 4 5 6 |  6.5
Short Blades   | 1 2 3 4 5 6 |  6.0
Axes           | 1 2 3 4 5 6 |  6.0
Maces & Flails | 1 2 3 4 5 6 |  6.0
Polearms       | 1 2 3 4 5 6 |  6.0
Staves         | 1 2 3 4 5 6 |  6.0
Slings         | 1 2 3 4 5 6 |  6.0
Bows           | 1 2 3 4 5 6 |  6.0
Crossbows      | 1 2 3 4 5 6 |  6.0
Throwing       | 1 2 3 4 5 6 |  6.0
Dodging        | 1 2 3 4 5 6 |  6.0
Stealth        | 1 2 3 4 5 6 |  6.0
Unarmed Combat | 1 2 3 4 5 6 |  6.0
Spellcasting   | 1 2 3 4 5 6 |  6.0
Evocations     | 1 2 3 4 5 6 |  6.0
Conjurations   | 1 2 3 4 |  4.9
Hexes          | 1 2 3 4 |  4.9
Charms         | 1 2 3 4 |  4.9
Summonings     | 1 2 3 4 |  4.9
Necromancy     | 1 2 3 4 |  4.9
Translocations | 1 2 3 4 |  4.9
Transmutations | 1 2 3 4 |  4.9
Fire Magic     | 1 2 3 4 |  4.9
Ice Magic      | 1 2 3 4 |  4.9
Air Magic      | 1 2 3 4 |  4.9
Earth Magic    | 1 2 3 4 |  4.9
Poison Magic   | 1 2 3 4 |  4.9
Long Blades    | 5 6 7 |  7.6
Fighting       | 7 8 9 |  9.0
Armour         | 7 8 9 |  9.0
Shields        | 7 8 9 |  9.0

Action                   |  1- 3 |  4- 6 |  7- 9 | 10-12 || total
-------------------------+-------+-------+-------+-------++-------
Melee: Long sword        |    87 |       |       |       ||    87
       Bite              |    16 |    20 |    74 |    61 ||   171
       Dagger            |    11 |   153 |   384 |   349 ||   897
       Short sword       |       |       |    41 |       ||    41
Throw: Throwing net      |       |     1 |     2 |    14 ||    17
       Tomahawk          |       |       |       |     9 ||     9
       Javelin           |       |       |       |     2 ||     2
Invok: Call Merchant     |       |       |       |     1 ||     1
Evoke: Wand              |       |       |    10 |     3 ||    13
  Use: Potion            |       |     2 |       |     6 ||     8
       Scroll            |       |       |     6 |       ||     6
 Stab: Held in net/web   |       |       |     3 |     3 ||     6
       Paralysed         |       |       |     2 |       ||     2
       Sleeping          |       |       |       |     4 ||     4
       Distracted        |       |       |       |     2 ||     2
  Eat: Chunk             |     1 |     2 |       |       ||     3
       Ration            |       |     1 |     4 |     4 ||     9
Armor: Scale mail        |    32 |    55 |   106 |       ||   193
       Leather armour    |       |       |     4 |    69 ||    73
Dodge: Dodged            |    30 |    45 |   148 |   128 ||   351
Block: Shield            |    66 |    84 |   262 |   170 ||   582
       Reflection        |       |       |       |     1 ||     1
       Rpst.: Long sword |     8 |       |       |       ||     8
